 Dungeon Crawl Stone Soup version 0.23-a0-167-gf92cf62f8f (webtiles) character file.

8779 PikkenKukken the Slicer (level 11, -3/85 HPs)
             Began as a Demonspawn Fighter on Sept 11, 2018.
             Was an Elder of Uskayaw.
             Slain by a spiny frog (10 damage)
             ... on level 9 of the Dungeon.
             The game lasted 00:17:24 (10944 turns).

PikkenKukken the Slicer (Demonspawn Fighter)       Turns: 10944, Time: 00:17:25

Health: -3/85      AC: 20    Str: 18    XL:     11   Next: 14%
Magic:  14/14      EV:  7    Int: 11    God:    Uskayaw [****..]
Gold:   520        SH:  6    Dex: 14    Spells: 10/10 levels left

rFire    . . .     SeeInvis .   s - +4 rapier "Embalmer" {pierce, +Inv MR+ Str-3}
rCold    + . .     Gourm    .   b - +0 buckler {AC+3}
rNeg     . . .     Faith    .   G - +0 plate armour
rPois    .         Spirit   .   (no helmet)
rElec    .         Reflect  .   (no cloak)
rCorr    .         Harm     .   D - +0 pair of gloves
MR       +....                  (no boots)
Stlth    ..........             (no amulet)
HPRegen  0.24/turn              C - +4 ring of strength
MPRegen  0.14/turn              g - ring of protection from cold

@: no status effects
A: hooves 2, icy blue scales 2, nightstalker 1
a: Stomp, Line Pass, Renounce Religion, Evoke Invisibility


You were on level 9 of the Dungeon.
You worshipped Uskayaw.
Uskayaw was noncommittal.
You were hungry.

You visited 3 branches of the dungeon, and saw 12 of its levels.

You collected 520 gold pieces.

Inventory:

Hand Weapons
 a - a +0 rapier
 s - the +4 rapier "Embalmer" (weapon) {pierce, +Inv MR+ Str-3}
   (You acquired it on level 6 of the Dungeon)

   It inflicts extra damage upon your enemies.
   It affects your strength (-3).
   It affects your resistance to hostile enchantments.
   It lets you turn invisible.
 z - a +2 vampiric dagger
Armour
 b - a +0 buckler of protection (worn)
 c - a +0 large shield
 D - a +0 pair of gloves (worn)
 G - a +0 plate armour (worn)
Jewellery
 g - a ring of protection from cold (right hand)
 t - an uncursed ring of protection from cold
 C - a +4 ring of strength (left hand)
 F - an uncursed ring of fire {unknown}
Wands
 d - a wand of acid (21)
 l - a wand of random effects (40)
 v - a wand of polymorph (15)
 y - a wand of clouds (5)
 A - a wand of iceblast (10)
Scrolls
 e - 5 scrolls of teleportation
 h - a scroll of remove curse
 q - 5 scrolls of fear
 w - 2 scrolls of enchant armour
 B - 3 scrolls of identify
Potions
 i - 4 potions of haste
 m - 2 potions of lignification
 o - a potion of resistance
 p - a potion of cancellation
 r - a potion of ambrosia
 u - 2 potions of berserk rage
 E - a potion of flight
Comestibles
 f - 16 rations
 k - 5 chunks of flesh


   Skills:
 + Level 7.7 Fighting
 * Level 9.3 Short Blades
 + Level 7.0 Armour
 + Level 4.4 Dodging
 + Level 7.0 Shields
 + Level 5.3 Evocations


You had 10 spell levels left.
You didn't know any spells.
Your spell library contained the following spells:

 Spells                   Type           Power        Failure   Level  Hunger
 Animate Skeleton         Necr           N/A          100%        1    ##.....
 Apportation              Tloc           #.....       100%        1    ##.....
 Confusing Touch          Hex            #.....       100%        1    ##.....
 Magic Dart               Conj           #...         100%        1    ##.....
 Shock                    Conj/Air       #...         100%        1    ##.....
 Summon Small Mammal      Summ           #...         100%        1    ##.....
 Blink                    Tloc           N/A          100%        2    ###....
 Call Imp                 Summ           #.......     100%        2    ###....
 Slow                     Hex            #.......     100%        2    ###....
 Swiftness                Chrm/Air       #.......     100%        2    ###....
 Confuse                  Hex            #.......     100%        3    ####...
 Conjure Flame            Conj/Fire      #.......     100%        3    ####...
 Gell's Gravitas          Tloc           #.........   100%        3    ####...
 Mephitic Cloud           Conj/Pois/Air  #.......     100%        3    ####...
 Recall                   Summ/Tloc      N/A          100%        3    ####...
 Static Discharge         Conj/Air       #.......     100%        3    ####...
 Airstrike                Air            #.........   100%        4    #####..
 Petrify                  Tmut/Erth      #.......     100%        4    #####..
 Lightning Bolt           Conj/Air       #.........   100%        5    ######.
 Metabolic Englaciation   Hex/Ice        #.........   100%        5    ######.
 Summon Mana Viper        Hex/Summ       #.......     100%        5    ######.
 Yara's Violent Unravell  Hex/Tmut       #.........   100%        5    ######.
 Darkness                 Hex            #.........   100%        6    #######
 Invisibility             Hex            #.......     100%        6    #######


Dungeon Overview and Level Annotations

Branches:
Dungeon (10/15)            Temple (1/1) D:6            Lair (1/6) D:9
    Orc: D:9-12

Altars:
Cheibriados
Dithmenos
Elyvilon
Fedhas
Hepliaklqana
Kikubaaqudgha
Makhleb
Qazlal
Trog
Uskayaw
Vehumet
Xom
Yredelemnul
Zin
The Shining One

Shops:
D:5 [

Annotations:
D:9 1 runed door, mora's ghost, novice DDFi


Innate Abilities, Weirdness & Mutations

You have hoof-like feet.
You are mostly covered in icy blue scales. (AC +3)
You are slightly more attuned to the shadows.


Message History

You barely miss the spiny frog.
The spiny frog is no longer sharing its pain.
The spiny frog barely misses you.
The komodo dragon bites the plant!!
The plant is destroyed!
You completely miss the spiny frog. Your kick misses the spiny frog.
You closely miss the spiny frog. Your kick misses the spiny frog.
The spiny frog stings you.
* * * LOW HITPOINT WARNING * * *
You hit the spiny frog. You kick the spiny frog.
The spiny frog is moderately wounded.
The spiny frog stings you!
* * * LOW HITPOINT WARNING * * *
You hit the spiny frog. Your kick misses the spiny frog.
The spiny frog is moderately wounded.
The spiny frog stings you but does no damage.
You hit the spiny frog but do no damage.
You kick the spiny frog, but do no damage.
The spiny frog is moderately wounded.
The spiny frog stings you!
You die... ####### ##PPPPP##

##### #PPPPP..### #....
#P...P.P#.#########.###
#P.>..l.[..)..........#
#P..÷FP...#########.#.#
#P...P@...# ##.#.#
#PPPPP...## ####...=.
#PPPP....# #........
#P.PP...## ####.##..#.#
#PP.....# #...........
##PP...## #.##.##..#.#
##...######..#.##..#.#
#...........#..##..#.#
#<########.###.##.....


You could see a komodo dragon and a spiny frog.

Vanquished Creatures
  Maurice (D:9)
  The ghost of Shinnjin the Fighter, a novice HOFi (D:5)
  A spiny frog (D:9)
  A komodo dragon (D:9)
  A troll (D:10)
  Prince Ribbit (D:5)
  A hippogriff (D:7)
  A spriggan (D:10)
  A wyvern (D:9)
  18 yaks
  A hungry ghost (D:8)
  A steam dragon (D:10)
  Menkaure (D:4)
  3 water moccasins
  A porcupine (D:9)
  2 orc warriors
  A sky beast (D:9)
  A phantom (D:6)
  2 ogres (D:8)
  2 centaurs (D:8)
  2 necrophages
  3 big kobolds
  Blork the orc (D:5)
  5 bullfrogs
  2 scorpions
  A jelly (D:10)
  7 wights (D:7)
  3 crimson imps (D:5)
  A centaur zombie (D:8)
  A centaur skeleton (D:7)
  6 hounds
  4 orc priests
  10 orc wizards
  Ijyb (D:5)
  5 iguanas
  6 worker ants
  A hound zombie (D:9)
  A hound skeleton (D:5)
  A worker ant zombie (D:9)
  A howler monkey zombie (D:5)
  3 gnolls (D:6)
  7 adders
  7 shadow imps
  An ooze (D:4)
  An adder skeleton (D:5)
  An adder zombie (D:9)
  5 worms
  4 dart slugs
  5 leopard geckos
  49 orcs
  2 giant cockroaches
  7 goblins
  5 hobgoblins
  5 jackals
  4 quokkas
  A ball python (D:2)
  A ball python zombie (D:6)
  2 bats (D:1)
  5 frilled lizards
  13 kobolds
  A leopard gecko skeleton (D:4)
  3 quokka skeletons
  9 rats
245 creatures vanquished.

Vanquished Creatures (others)
  A bat (D:3)
  7 plants (D:9)
8 creatures vanquished.

Grand Total: 253 creatures vanquished

Notes
Turn   | Place    | Note
-------+----------+-------------------------------------------
     0 | D:1      | PikkenKukken the Demonspawn Fighter began the quest for the
                  | Orb.
     0 | D:1      | Reached XP level 1. HP: 18/18 MP: 1/1
    71 | D:1      | Reached skill level 2 in Short Blades
   149 | D:1      | Gained mutation: You are partially covered in icy blue
                  | scales. (AC +2) [demonic ancestry]
   149 | D:1      | Reached XP level 2. HP: 24/24 MP: 2/2
  1036 | D:2      | Reached XP level 3. HP: 20/29 MP: 3/3
  1647 | D:2      | Gained mutation: You have large cloven feet. [demonic
                  | ancestry]
  1647 | D:2      | Reached XP level 4. HP: 21/35 MP: 4/4
  1845 | D:2      | Found a blossoming altar of Fedhas.
  1845 | D:2      | Found a burning altar of Makhleb.
  2147 | D:3      | Reached skill level 3 in Short Blades
  2411 | D:3      | Gained mutation: You are mostly covered in icy blue scales.
                  | (AC +3) [demonic ancestry]
  2411 | D:3      | Reached XP level 5. HP: 42/42 MP: 5/5
  3795 | D:4      | Noticed Menkaure
  3798 | D:4      | Killed Menkaure
  3798 | D:4      | Reached skill level 4 in Short Blades
  3798 | D:4      | Gained mutation: You have hoof-like feet. [demonic
                  | ancestry]
  3798 | D:4      | Reached XP level 6. HP: 48/48 MP: 6/6
  3807 | D:4      | Noticed an orc warrior
  3816 | D:4      | Killed an orc warrior
  4196 | D:5      | Entered Level 5 of the Dungeon
  4196 | D:5      | Found a runed door.
  4197 | D:5      | Noticed Shinnjin's ghost (novice HOFi)
  4241 | D:5      | Noticed Prince Ribbit
  4254 | D:5      | Noticed a water moccasin
  4262 | D:5      | Killed Prince Ribbit
  4262 | D:5      | Gained mutation: You are slightly more attuned to the
                  | shadows. [demonic ancestry]
  4262 | D:5      | Reached XP level 7. HP: 18/55 MP: 7/7
  4266 | D:5      | Reached skill level 5 in Short Blades
  4527 | D:5      | Noticed Blork the orc
  4554 | D:5      | Killed Blork the orc
  4907 | D:5      | Reached skill level 5 in Fighting
  4931 | D:5      | Reached XP level 8. HP: 26/62 MP: 8/8
  5167 | D:5      | Found Togohyre's Armour Shoppe.
  5204 | D:5      | Noticed Ijyb
  5214 | D:5      | Killed Ijyb
  5763 | D:6      | Identified a scroll of acquirement
  5766 | D:6      | Got a pitted rapier
  5767 | D:6      | Identified the +4 rapier "Embalmer" {pierce, +Inv MR+
                  | Str-3} (You acquired it on level 6 of the Dungeon)
  5911 | D:6      | Reached skill level 6 in Short Blades
  5960 | D:6      | Reached skill level 5 in Armour
  5960 | D:6      | Reached skill level 1 in Evocations
  6127 | D:6      | Reached skill level 5 in Shields
  6252 | D:6      | Found a staircase to the Ecumenical Temple.
  6276 | Temple   | Entered the Ecumenical Temple
  6350 | Temple   | Became a worshipper of Uskayaw the Reveler
  6561 | D:7      | Reached * piety under Uskayaw
  6564 | D:7      | Reached ** piety under Uskayaw
  6658 | D:7      | Reached *** piety under Uskayaw
  6817 | D:7      | Reached **** piety under Uskayaw
  6818 | D:7      | Reached ***** piety under Uskayaw
  7007 | D:7      | Reached XP level 9. HP: 68/69 MP: 10/10
  7109 | D:7      | Reached skill level 1 in Dodging
  7263 | D:8      | Identified the Papyrus of Warped Curses
  7316 | D:8      | Reached skill level 7 in Short Blades
  8372 | D:9      | Noticed a komodo dragon
  8378 | D:9      | Noticed Maurice
  8382 | D:9      | Found a staircase to the Lair.
  8391 | D:9      | Killed Maurice
  8403 | D:9      | HP: 1/71 [komodo dragon (9)]
  8771 | D:9      | Reached XP level 10. HP: 71/77 MP: 12/12
  8773 | D:9      | Reached skill level 8 in Short Blades
  9019 | D:9      | Found a runed door.
  9020 | D:9      | Found a shimmering altar of Xom.
  9020 | D:9      | Noticed mora's ghost (novice DDFi)
  9020 | D:9      | Noticed a flail of chaos
  9406 | D:10     | Entered Level 10 of the Dungeon
 10227 | D:10     | Reached skill level 9 in Short Blades
 10233 | D:10     | Reached skill level 5 in Evocations
 10242 | D:10     | Reached ****** piety under Uskayaw
 10450 | D:10     | Reached XP level 11. HP: 75/84 MP: 14/14
 10716 | D:5      | Killed Shinnjin's ghost
 10834 | Lair:1   | Entered Level 1 of the Lair of Beasts
 10944 | D:9      | Slain by a spiny frog

Vault maps used:
D:1:      minmay_arrival_checkered_box
D:2:      amethyst_overflow_temple_binary, minmay_tromino_v2
D:3:      first_ration
D:4:      uniq_menkaure
D:5:      minmay_diamond_boxcup, gammafunk_ghost_grave, serial_shops,
          shop_statue, uniq_blork_the_orc, uniq_ijyb, uniq_prince_ribbit1
D:6:      temple_hall
D:9:      david_lair_shrubbed, ebering_ghost_xom, uniq_maurice
D:10:     the_bakery
Temple:   regret_index_temple_chain_breaker
Lair:1:   portal_ice_cave_rime, st_stairs_8, grunt_megastairs_5

Skill      XL: |  1  2  3  4  5  6  7  8  9 10 11 |
---------------+----------------------------------+-----
Short Blades   | 2 3 4 5 6 7 9 |  9.3
Armour         | 3 4 5 6 7 |  7.0
Shields        | 3 4 5 6 7 |  7.0
Fighting       | 4 5 6 7 |  7.7
Evocations     | 2 3 5 |  5.3
Dodging        | 2 4 |  4.4

Action                   |  1- 3 |  4- 6 |  7- 9 | 10-12 || total
-------------------------+-------+-------+-------+-------++-------
Melee: Rapier            |   157 |   151 |   417 |   237 ||   962
       Kick              |       |    40 |   118 |    81 ||   239
Invok: Line Pass         |       |       |     1 |       ||     1
  Use: Scroll            |     8 |     4 |    10 |     3 ||    25
       Potion            |       |     2 |     3 |     2 ||     7
 Stab: Paralysed         |       |       |    10 |    11 ||    21
  Eat: Chunk             |     2 |     8 |     5 |     5 ||    20
       Ration            |       |       |     4 |       ||     4
Armor: Scale mail        |    22 |       |       |       ||    22
       Chain mail        |    50 |    62 |   158 |    46 ||   316
       Plate armour      |       |       |       |    49 ||    49
Dodge: Dodged            |    30 |    15 |    60 |    55 ||   160
Block: Shield            |    80 |    63 |   188 |       ||   331
       Buckler           |       |       |     1 |    29 ||    30

Table legend:
 A = Non-vault XP
 B = Vault XP
 C = Vault XP percentage of total XP
 D = Non-vault monster count
 E = Vault monster count
 F = Vault count percentage of total count
                 A         B        C        D         E       F
            +---------+---------+-------+---------+---------+-------
      Total |   10229 |    2313 |  18.4 |     229 |      17 |   6.9
            +---------+---------+-------+---------+---------+-------
        D:1 |      36 |       0 |   0.0 |      20 |       0 |   0.0
        D:2 |      67 |      15 |  18.3 |      17 |       2 |  10.5
        D:3 |     165 |       0 |   0.0 |      19 |       0 |   0.0
        D:4 |     170 |     172 |  50.3 |      13 |       1 |   7.1
        D:5 |     419 |    1051 |  71.5 |      15 |      11 |  42.3
        D:6 |     584 |       0 |   0.0 |      25 |       0 |   0.0
        D:7 |     855 |       0 |   0.0 |      18 |       0 |   0.0
        D:8 |    1632 |       0 |   0.0 |      35 |       0 |   0.0
        D:9 |    2742 |     860 |  23.9 |      36 |       2 |   5.3
       D:10 |    3559 |     215 |   5.7 |      31 |       1 |   3.1
            +---------+---------+-------+---------+---------+-------
